 Dungeon Crawl Stone Soup version 0.28-a0-1524-ge72afd5fc6 (webtiles) character file.

Game seed: 13997515419533238081

42 fragbeetle the Insei (level 3, -5/29 HPs)
             Began as a Draconian Transmuter on Jan 17, 2022.
             Slain by Ijyb (6 damage)
             ... while paralysed by Ijyb
             ... on level 3 of the Dungeon.
             The game lasted 00:03:16 (1372 turns).

fragbeetle the Insei (Draconian Transmuter)         Turns: 1372, Time: 00:03:16

Health: -5/29      AC:  5    Str: 12    XL:     3   Next: 33%
Magic:  6/6        EV:  2    Int: 13    God:
Gold:   112        SH:  0    Dex: 13    Spells: 5/6 levels left

rFire   . . .      SeeInvis .     - Unarmed
rCold   . . .      Faith    .   (no shield)
rNeg    . . .      Spirit   .   (armour unavailable)
rPois   .          Reflect  .   (helmet currently unavailable)
rElec   .          Harm     .   (no cloak)
rCorr   .          Rampage  .   (no gloves)
Will    .....                   (boots currently unavailable)
Stlth   +.........              (no amulet)
HPRegen 0.09/turn               (no ring)
MPRegen 0.10/turn               (no ring)

@: paralysed, appendages (expiring)
A: horns 2, talons 2, AC +5, unfitting armour, cold-blooded
a: End Transformation


You were on level 3 of the Dungeon.
You had temporarily grown beastly horns and talons.
You visited 1 branch of the dungeon, and saw 3 of its levels.

You collected 112 gold pieces.

Inventory:

Missiles
 a - 56 stones
 f - 16 sling bullets
Scrolls
 c - a scroll of identify {unknown}
 d - 3 scrolls of fog {unknown}
 e - a scroll of amnesia {unknown}
 g - a scroll of magic mapping {unknown}
 i - a scroll of enchant armour {unknown}
Potions
 b - 2 potions of degeneration {unknown}
 h - a potion of haste {unknown}


   Skills:
 + Level 1.7 Fighting
 + Level 2.1 Dodging
 * Level 3.5 Unarmed Combat
 - Level 2.0 Spellcasting
 * Level 2.7 Transmutations


You had 5 spell levels left.
You knew the following spells:

 Your Spells              Type           Power      Damage    Failure   Level
a - Beastly Appendage     Tmut           16%        N/A       9%          1

Your spell library contained the following spells:

 Spells                   Type           Power      Damage    Failure   Level
 Wereblood                Tmut           8%         N/A       13%         2
 Spider Form              Tmut/Pois      4%         N/A       41%         3
 Ice Form                 Ice/Tmut       4%         N/A       82%         4


Dungeon Overview and Level Annotations

Branches:
Dungeon (3/15)

Altars:

Annotations:
D:3 Ijyb


Innate Abilities, Weirdness & Mutations

You have temporarily grown beastly horns and talons.
Your plain brown scales are hard. (AC +5)
You cannot fit into any form of body armour.
You are cold-blooded and may be slowed by cold attacks.


Message History

Ijyb hits you with a +0 dagger.
You hit Ijyb. Your kick misses Ijyb.
Ijyb is lightly wounded.
Ijyb zaps a wand.
You suddenly lose the ability to move!
Ijyb hits you with a +0 dagger. Ijyb hits you but does no damage.
Your horns disappear.
Your talons disappear.
Ijyb zaps a wand.
You resist with significant effort. Ijyb hits you but does no damage.
Ijyb hits you with a +0 dagger.
You can move again.
You are too injured to fight recklessly!
Casting: Beastly Appendage (safe; 9% risk of failure)
Confirm with . or Enter, or press ? or * to list all spells.
You grow a pair of large bovine horns.
Your feet morph into talons.
Ijyb hits you with a +0 dagger.
You hit Ijyb. You punch Ijyb.
Ijyb is moderately wounded.
Ijyb closely misses you.
You closely miss Ijyb. Your kick misses Ijyb.
Ijyb is moderately wounded.
Ijyb barely misses you.
You hit Ijyb. You claw Ijyb, but do no damage. You tail-slap Ijyb.
Ijyb is heavily wounded.
Ijyb hits you with a +0 dagger.
* * * LOW HITPOINT WARNING * * *
You hit Ijyb.
Ijyb is severely wounded.
Ijyb zaps a wand.
You suddenly lose the ability to move!
Ijyb zaps a wand.
You shrug off the repeated paralysis!
Your transformation is almost over.
Ijyb zaps a wand.
You shrug off the repeated paralysis!
Ijyb zaps a wand.
You shrug off the repeated paralysis!
The now-empty wand crumbles to dust.
Ijyb hits you with a +0 dagger.
* * * LOW HITPOINT WARNING * * *
Ijyb hits you with a +0 dagger.
* * * LOW HITPOINT WARNING * * *
Ijyb hits you with a +0 dagger.
You die...

# #### .... ### # #### #
#....
#######.##....#######..#
.......... #..@g......
#########. ##.#.###..# #
... #.#.# ##. #.##
##.#.# #.# #.###.##.#
#.# #....## .# ####.##
##.#.## ..
......###.##.# .#
...#.#...###.#


You could see Ijyb.

Vanquished Creatures
  An adder (D:2)
  3 endoplasms
  2 goblins
  5 hobgoblins
  5 kobolds
  5 ball pythons
  5 bats
  3 frilled lizards
  6 rats
35 creatures vanquished.

Notes
Turn   | Place    | Note
-------+----------+-------------------------------------------
     0 | D:1      | fragbeetle the Draconian Transmuter began the quest for the
                  | Orb.
     0 | D:1      | Reached XP level 1. HP: 16/16 MP: 3/3
    88 | D:1      | Found a faded altar of an unknown god.
   173 | D:1      | Reached XP level 2. HP: 21/23 MP: 3/5
   957 | D:2      | Reached XP level 3. HP: 29/29 MP: 4/6
  1343 | D:3      | Noticed Ijyb
  1348 | D:3      | Paralysed by Ijyb for 6 turns
  1356 | D:3      | Paralysed by Ijyb for 6 turns
  1366 | D:3      | Paralysed by Ijyb for 7 turns
  1371 | D:3      | HP: 1/29 [Ijyb (2)]
  1372 | D:3      | Slain by Ijyb

Illustrated notes

Levels and vault maps discovered:
D:1:      ncdulo_halloftheorcs, layout_basic,
          shapermc_ecumenical_altar_acropolis
D:2:      layout_rooms
D:3:      layout_loops_ring, hangedman_abyss_or_decor_stabs, uniq_ijyb

Skill      XL: |  1  2 |
---------------+-------+-----
Dodging        | 2 |  2.1
Fighting       | |  1.7
Unarmed Combat | |  3.5
Spellcasting   | |  2.0
Transmutations | |  2.7

Action                   || total
-------------------------++-------
Melee: Unarmed           ||    79
       Kick              ||    19
       Headbutt          ||    12
       Tailslap          ||    11
       Punch             ||     1
 Cast: Beastly Appendage ||    27
 Stab: Sleeping          ||     2
Armor: Skin              ||    27
Dodge: Dodged            ||    42

Table legend: (Time is in decaauts)
 A = Elapsed time spent in this place.
 B = Non-inter-level travel time spent in this place.
 C = Inter-level travel time spent in this place.
 D = Time resting spent in this place.
 E = Time spent auto-exploring this place.
 F = Levels seen in this place.
 G = Mean time per level.
                   A        B        C        D        E       F      G
               +--------+--------+--------+--------+--------+-----+--------+
         Total |   1367 |   1342 |     25 |      0 |    987 |   3 |  455.7 |
       Dungeon |   1367 |   1342 |     25 |      0 |    987 |   3 |  455.7 |
               +--------+--------+--------+--------+--------+-----+--------+

Top non-repeatable levels by time:
     D:1: 655 daAuts
     D:2: 572 daAuts
     D:3: 139 daAuts
